 Dungeon Crawl Stone Soup version 0.28-a0-687-gb91baff9cc (webtiles) character file.

Game seed: 2997180134606182201

614 lunkers the Magician (level 7, -4/54 HPs)
             Began as a Djinni Cinder Acolyte on Oct 20, 2021.
             Was a High Priest of Ignis.
             Slain by a water moccasin (7 damage)
             ... on level 4 of the Dungeon.
             The game lasted 00:07:01 (4416 turns).

lunkers the Magician (Djinni Cinder Acolyte)        Turns: 4416, Time: 00:07:01

Health: -4/54      AC:  3    Str: 13    XL:     7   Next: 73%
Gold:   158        EV: 11    Int: 18    God:    Ignis [*****.] SH:  0 Dex: 13

rFire   + + +      SeeInvis .   j - +0 short sword (protect)
rCold   x . .      Faith    .   (no shield)
rNeg    . . .      Spirit   .   k - +1 robe "Domeec" {rF+ MP+9 Dex+5}
rPois   ∞          Reflect  .   (no helmet)
rElec   .          Harm     .   (no cloak)
rCorr   .          Rampage  .   (no gloves)
Will    .....                   (boots unavailable)
Stlth   +.........              (no amulet)
HPRegen 0.18/turn               (no ring)
MPRegen 0.00/turn               (no ring)

@: about to teleport, flying
A: sickness immunity, fire resistance 2, cold vulnerability 1, float, innate
caster, hp casting, extra vitality 1
a: Renounce Religion, Sea of Fire, Foxfire Swarm, Rising Flame


You were on level 4 of the Dungeon.
You worshipped Ignis.
Ignis was extremely pleased with you.
You visited 1 branch of the dungeon, and saw 5 of its levels.

You collected 283 gold pieces.
You spent 125 gold pieces at shops.

Inventory:

Hand Weapons
 a - a -1 short sword of flaming
 j - a +0 short sword of protection (weapon)
Armour
 b - a +0 robe
 k - the +1 robe "Domeec" (worn) {rF+ MP+9 Dex+5}
   (You bought it in a shop on level 2 of the Dungeon)

   Dex:       It affects your dexterity (+5).
   rF:        It protects you from fire.
   MP:        It affects your magic capacity (+9).
Scrolls
 c - 2 scrolls of fog {unknown}
 d - 3 scrolls of identify
 e - a scroll of brand weapon {unknown}
 g - a scroll of fear {unknown}
 h - 2 scrolls of immolation {unknown}
 l - a scroll of enchant armour {unknown}
 n - 2 scrolls of vulnerability {unknown}
 o - a scroll of enchant weapon {unknown}
 r - 2 scrolls of teleportation
 t - a scroll of noise {unknown}
Potions
 f - a potion of degeneration {unknown}
 i - 2 potions of haste
 m - 2 potions of curing {unknown}
 p - a potion of flight {unknown}
 q - 2 potions of attraction {unknown}
 s - a potion of berserk rage {unknown}


   Skills:
 + Level 5.3 Fighting
 - Level 2.6 Short Blades
 * Level 5.4 Spellcasting


You had 9 spell levels left.
You knew the following spells:

 Your Spells              Type           Power      Damage    Failure   Level
a - Animate Skeleton      Necr           48%        N/A       1%          1
b - Call Imp              Summ           24%        N/A       1%          2
c - Passwall              Tmut/Erth      20%        N/A       1%          2
p - Scorch                Fire           48%        2d7       1%          2
Your spell library was empty.

Dungeon Overview and Level Annotations

Branches:
Dungeon (5/15)
 Temple: D:4-7

Altars:

Shops:
D:2 :[


Innate Abilities, Weirdness & Mutations

You are immune to sickness and miasma.
You are immune to poison.
Your flesh is very heat resistant. (rF++)
You are vulnerable to cold. (rC-)
You float through the air rather than walking.
You learn spells naturally, not from books.
Your magical power is your life essence.
You have superior vitality. (+4 HP)


Message History

The gnoll hits you with a +0 whip.
Unknown command.
Casting: Scorch (safe; 1% risk of failure)
Press: ? - help, Q - select action, (/) - cycle Dir - look around, f - activate Flames lash the gnoll.
The gnoll is moderately wounded.
The gnoll's fire resistance burns away.
The water moccasin bites you. The adder closely misses you.
The water moccasin bites you.
* * * LOW HITPOINT WARNING * * *
The gnoll hits you with a +0 whip.
* * * LOW HITPOINT WARNING * * *
The adder bites you.
* * * LOW HITPOINT WARNING * * *
Unknown command.
As you read the scroll labelled BYOSAG VUEG, it crumbles to dust.
It is a scroll of identify.
i - 2 potions of haste The water moccasin bites you.
* * * LOW HITPOINT WARNING * * *
The adder bites you.
* * * LOW HITPOINT WARNING * * *
The gnoll hits you with a +0 whip.
* * * LOW HITPOINT WARNING * * *
As you read the scroll labelled YDUTEA QAOK, it crumbles to dust.
You feel strangely unstable.
It was a scroll of teleportation.
The water moccasin bites you but does no damage.
The adder bites you but does no damage. The gnoll closely misses you.
The water moccasin bites you.
* * * LOW HITPOINT WARNING * * *
Casting: Scorch (safe; 1% risk of failure)
Press: ? - help, Q - select action, (/) - cycle Dir - look around, f - activate Flames lash the gnoll.
The gnoll is burned terribly!
You kill the gnoll!
* * * LOW HITPOINT WARNING * * *
The water moccasin is no longer more vulnerable to fire.
The adder bites you.
* * * LOW HITPOINT WARNING * * *
The water moccasin bites you!
You die...

######### #.# ### #.......#
#.###.. #.#####.# ##.....# #.#
###.###...#### #.# #..........#
################.###.#.###...##
...................#.#.# ##.##
#.###.###..#####S#.#.#.# #.# #.#
#.# #..# #.)@S.....# #.# #.#
#.###..# #.###.##### ##'## #.#
#...#..###.###.# ##...##
#.#####.#..........# ##.....##
#.........####.##.## ##.......##
##...##.##.........####.........#
......................'.........'
##...##.##.###.#...####.........#
##.###)##.# #.##.## ##.......##


You could see a water moccasin and an adder.

Vanquished Creatures
  A sky beast (D:3)
  2 necrophages
  A scorpion (D:4)
  3 hounds
  A jelly (D:4)
  An orc priest (D:3)
  A gnoll shaman (D:4)
  2 gnolls
  2 adders
  5 orcs (D:3)
  8 ball pythons
  7 endoplasms
  3 giant cockroaches
  3 goblins
  6 hobgoblins
  7 jackals (D:1)
  4 kobolds
  5 quokkas
  7 bats
  4 frilled lizards
  2 rats (D:1)
75 creatures vanquished.

Notes
Turn   | Place    | Note
-------+----------+-------------------------------------------
     0 | D:1      | lunkers the Djinni Cinder Acolyte began the quest for the
                  | Orb.
     0 | D:1      | Reached XP level 1. HP: 20/20 MP: 0/0
    42 | D:1      | Reached XP level 2. HP: 18/25 MP: 0/0
   149 | D:1      | You are sucked into a shaft and drop 1 floor!
   711 | D:1      | Found a faded altar of an unknown god.
   741 | D:1      | Reached XP level 3. HP: 28/30 MP: 0/0
   741 | D:1      | Learned a level 1 spell: Animate Skeleton
  1315 | D:2      | Found Tizycub's Book Shop.
  1877 | D:2      | Found Ytwo's Antique Armour Shop.
  1880 | D:2      | Bought a transparent robe for 125 gold pieces
  1880 | D:2      | Identified the +1 robe "Domeec" {rF+ MP+9 Dex+5} (You
                  | bought it in a shop on level 2 of the Dungeon)
  1938 | D:2      | Reached XP level 4. HP: 30/35 MP: 0/0
  2496 | D:3      | Reached XP level 5. HP: 22/41 MP: 0/0
  2496 | D:3      | Learned a level 2 spell: Call Imp
  2685 | D:3      | Noticed a sky beast
  2690 | D:3      | Killed a sky beast
  2691 | D:3      | Reached XP level 6. HP: 38/47 MP: 0/0
  3283 | D:4      | Noticed a necrophage
  3288 | D:4      | Killed a necrophage
  3355 | D:4      | Reached XP level 7. HP: 49/53 MP: 0/0
  3355 | D:4      | Learned a level 2 spell: Passwall
  4069 | D:5      | Entered Level 5 of the Dungeon
  4077 | D:4      | Reached skill level 5 in Fighting
  4077 | D:4      | Reached skill level 5 in Spellcasting
  4206 | D:5      | Noticed a water moccasin
  4416 | D:4      | Slain by a water moccasin

Illustrated notes

Levels and vault maps discovered:
D:1:      dpeg_arrival_radiant, layout_basic,
          hellmonk_ecumenical_altar_crossroads
D:2:      layout_loops_ring, serial_shops, nicolae_shop_behind_doors, shop,
          minivault_25
D:3:      layout_basic
D:4:      layout_loops_corners
D:5:      layout_rooms, serial_shops, nicolae_lakefront_shop, uniq_menkaure

Skill      XL: |  1  2  3  4  5  6  7 |
---------------+----------------------+-----
Spellcasting   | 3 4 5 |  5.4
Fighting       | 4 5 |  5.3
Short Blades   | |  2.6

Action                   |  1- 3 |  4- 6 |  7- 9 || total
-------------------------+-------+-------+-------++-------
Melee: Short sword       |    14 |       |       ||    14
 Cast: Scorch            |    45 |    38 |    29 ||   112
  Use: Scroll            |       |       |     2 ||     2
Armor: Robe              |     6 |     2 |     3 ||    11
Dodge: Dodged            |    18 |     4 |    19 ||    41

Table legend: (Time is in decaauts)
 A = Elapsed time spent in this place.
 B = Non-inter-level travel time spent in this place.
 C = Inter-level travel time spent in this place.
 D = Time resting spent in this place.
 E = Time spent auto-exploring this place.
 F = Levels seen in this place.
 G = Mean time per level.
                   A        B        C        D        E       F      G
               +--------+--------+--------+--------+--------+-----+--------+
         Total |   4417 |   4360 |     57 |    293 |   3675 |   5 |  883.4 |
       Dungeon |   4417 |   4360 |     57 |    293 |   3675 |   5 |  883.4 |
               +--------+--------+--------+--------+--------+-----+--------+

Top non-repeatable levels by time:
     D:4: 1418 daAuts
     D:1: 1249 daAuts
     D:2: 926 daAuts
     D:3: 781 daAuts
     D:5: 41 daAuts
